EL
MIDLAND ROCKHOUNDS @ ARKANSAS TRAVELERS
07/08/2048
 
TOP OF THE 1ST
Midland RockHounds batting - Pitching for Arkansas Travelers : RHP Tim Anderson
Pitching: RHP Tim Anderson
Batting: RHB Tony Crespo 0-0: Foul Ball, location: 2F
0-1: Bunt missed!
0-2: Ground out 5-3 (Groundball, 56, EV 96.2 MPH)
Batting: RHB Travis Robinson 0-0: Fly out, F8 (Flyball, 8LM, EV 86.2 MPH)
Batting: LHB Tom Raupp 0-0: Ball
1-0: Foul Ball, location: 2F
1-1: SOLO HOME RUN (Flyball, 9D, EV 95.0 MPH), Distance : 364 ft
Batting: RHB Jonathan Gallup 0-0: Ball
1-0: Ball
2-0: Ball
3-0: Base on Balls
Batting: RHB Matt Sherard 0-0: Ball
1-0: Fielders Choice at 2nd, 6-4 (Groundball, 6, EV 93.1 MPH)
Top of the 1st over - 1 run, 1 hit, 0 errors, 1 left on base; Midland 1 - Arkansas 0
BOTTOM OF THE 1ST
Arkansas Travelers batting - Pitching for Midland RockHounds : LHP Bobby Carroll
Pitching: LHP Bobby Carroll
Batting: RHB Jose Ramirez 0-0: Ball
1-0: SINGLE (Line Drive, 78M, EV 100.6 MPH)
Batting: RHB Juan Montez 0-0: Ball
1-0: Ball
2-0: Foul Ball, location: 2F
2-1: Foul Ball, location: 2F
2-2: DOUBLE (Flyball, 8RXD, EV 107.5 MPH)
Jose Ramirez to third
Batting: RHB Ryuji Ito 0-0: Ball
1-0: Fly out, F5 (Popup, 56S, EV 80.6 MPH)
Batting: LHB Mark Reeg 0-0: Called Strike
0-1: Ball
1-1: DOUBLE (Flyball, 8LXD, EV 103.8 MPH)
Jose Ramirez scores
Juan Montez scores
Batting: RHB Juan Martinez 0-0: Ball
1-0: Ball
2-0: Fly out, F9 (Flyball, 9LSF, EV 96.2 MPH)
Batting: LHB Griffin Ferris 0-0: Ball
1-0: Foul Ball, location: 2F
1-1: Swinging Strike
1-2: Foul Ball, location: 2F
1-2: Ball
2-2: Ball
3-2: SINGLE (Groundball, 34D, EV 108.8 MPH)
Mark Reeg to third
Batting: RHB Timoleon Tsikouna 0-0: Ball
1-0: SINGLE (Groundball, 3D, EV 101.9 MPH)
Mark Reeg scores
Griffin Ferris to second
Runner from 2nd tries for 3rd, SAFE, throw by RF made at trailing runner, OUT! 9-6
Bottom of the 1st over - 3 runs, 5 hits, 0 errors, 1 left on base; Midland 1 - Arkansas 3
TOP OF THE 2ND
Midland RockHounds batting - Pitching for Arkansas Travelers : RHP Tim Anderson
Batting: RHB Micah Roth 0-0: Ground out 6-3 (Groundball, 6, EV 103.8 MPH)
Batting: RHB Todd Vanasco 0-0: Swinging Strike
0-1: Swinging Strike
0-2: Strikes out swinging
Batting: RHB Roger Simmons 0-0: Ball
1-0: Ground out 1-3 (Groundball, 13S, EV 68.1 MPH)
Top of the 2nd over - 0 runs, 0 hits, 0 errors, 0 left on base; Midland 1 - Arkansas 3
BOTTOM OF THE 2ND
Arkansas Travelers batting - Pitching for Midland RockHounds : LHP Bobby Carroll
Batting: SHB Mario Padron 0-0: Swinging Strike
0-1: Called Strike
0-2: Ball
1-2: Ball
2-2: Ground out 5-3 (Groundball, 56S, EV 66.9 MPH)
Batting: RHB Kinya Nishimura 0-0: Called Strike
0-1: Ground out 6-3 (Groundball, 6, EV 83.8 MPH)
Batting: RHB Jose Ramirez 0-0: Fly out, F9 (Line Drive, 9, EV 101.2 MPH)
Bottom of the 2nd over - 0 runs, 0 hits, 0 errors, 0 left on base; Midland 1 - Arkansas 3
TOP OF THE 3RD
Midland RockHounds batting - Pitching for Arkansas Travelers : RHP Tim Anderson
Batting: RHB Larry Clark 0-0: Called Strike
0-1: Ball
1-1: Ball
2-1: Called Strike
2-2: Ball
3-2: Foul Ball, location: 2F
3-2: Strikes out looking
Batting: RHB Tony Crespo 0-0: Ball
1-0: Foul Ball, location: 2F
1-1: Swinging Strike
1-2: SINGLE (Groundball, 6S, EV 70.6 MPH) (infield hit)
Batting: RHB Travis Robinson 0-0: Ball
1-0: Ball
Tony Crespo is caught stealing 2nd base 2-4
2-0: SINGLE (Line Drive, 9S, EV 98.8 MPH)
Batting: LHB Tom Raupp 0-0: Called Strike
0-1: Ball
1-1: SINGLE (Flyball, 3D, EV 84.4 MPH)
Travis Robinson to second
Runner from 2nd tries for 3rd, SAFE, throw by RF made to third
Batting: RHB Jonathan Gallup 0-0: Ball
1-0: Called Strike
1-1: Foul Ball, location: 2F
1-2: Strikes out swinging
Top of the 3rd over - 0 runs, 3 hits, 0 errors, 2 left on base; Midland 1 - Arkansas 3
BOTTOM OF THE 3RD
Arkansas Travelers batting - Pitching for Midland RockHounds : LHP Bobby Carroll
Batting: RHB Juan Montez 0-0: Swinging Strike
0-1: SINGLE (Line Drive, 34D, EV 95.0 MPH)
Batting: RHB Ryuji Ito 0-0: Called Strike
0-1: Ball
1-1: Ball
2-1: Ball
3-1: Base on Balls
Juan Montez to second
Batting: LHB Mark Reeg 0-0: Swinging Strike
0-1: Ball
1-1: Foul Ball, location: 2F
1-2: Strikes out swinging
Batting: RHB Juan Martinez 0-0: Called Strike
0-1: Ball
1-1: Ball
2-1: Fielders Choice at 2nd, 6-4 (Groundball, 6, EV 83.1 MPH)
Juan Montez to third
Batting: LHB Griffin Ferris 0-0: Called Strike
0-1: Foul Ball, location: 2F
0-2: Ball
1-2: Ground out U3 (Groundball, 3, EV 106.9 MPH)
Bottom of the 3rd over - 0 runs, 1 hit, 0 errors, 2 left on base; Midland 1 - Arkansas 3
TOP OF THE 4TH
Midland RockHounds batting - Pitching for Arkansas Travelers : RHP Tim Anderson
Batting: RHB Matt Sherard 0-0: Ball
1-0: Ground out 2-3 (Groundball, 15S, EV 67.5 MPH)
Batting: RHB Micah Roth 0-0: Ball
1-0: Called Strike
1-1: SINGLE (Line Drive, 34D, EV 95.6 MPH)
Batting: RHB Todd Vanasco 0-0: Called Strike
0-1: Ball
Micah Roth steals 2nd base (no throw)
1-1: Ball
2-1: Foul Ball, location: 2F
2-2: Ball
3-2: Base on Balls
Batting: RHB Roger Simmons 0-0: Ball
1-0: Grounds into double play, 6-4-3 (Groundball, 6, EV 96.2 MPH)
Top of the 4th over - 0 runs, 1 hit, 0 errors, 1 left on base; Midland 1 - Arkansas 3
BOTTOM OF THE 4TH
Arkansas Travelers batting - Pitching for Midland RockHounds : LHP Bobby Carroll
Batting: RHB Timoleon Tsikouna 0-0: Swinging Strike
0-1: Ball
1-1: Swinging Strike
1-2: Ball
2-2: Ball
3-2: Foul Ball, location: 2F
3-2: Strikes out swinging
Batting: SHB Mario Padron 0-0: Ball
1-0: Called Strike
1-1: Ground out 5-3 (Groundball, 56, EV 103.8 MPH)
Batting: RHB Kinya Nishimura 0-0: Ground out 6-3 (Groundball, 6, EV 109.4 MPH)
Bottom of the 4th over - 0 runs, 0 hits, 0 errors, 0 left on base; Midland 1 - Arkansas 3
TOP OF THE 5TH
Midland RockHounds batting - Pitching for Arkansas Travelers : RHP Tim Anderson
Batting: RHB Larry Clark 0-0: Ground out 6-3 (Groundball, 6, EV 92.5 MPH)
Batting: RHB Tony Crespo 0-0: Ground out 6-3 (Groundball, 56, EV 76.9 MPH)
Batting: RHB Travis Robinson 0-0: Called Strike
0-1: Foul Ball, location: 2F
0-2: Strikes out swinging
Top of the 5th over - 0 runs, 0 hits, 0 errors, 0 left on base; Midland 1 - Arkansas 3
BOTTOM OF THE 5TH
Arkansas Travelers batting - Pitching for Midland RockHounds : LHP Bobby Carroll
Batting: RHB Jose Ramirez 0-0: Swinging Strike
0-1: Foul Ball, location: 2F
0-2: DOUBLE (Line Drive, 9LM, EV 111.2 MPH)
Batting: RHB Juan Montez 0-0: Swinging Strike
0-1: Ball
1-1: Ball
Wild Pitch!
Jose Ramirez to third
2-1: SINGLE (Groundball, 4M, EV 102.5 MPH)
Jose Ramirez scores
Batting: RHB Ryuji Ito 0-0: Ball
1-0: Grounds into double play, 5-4-3 (Groundball, 56S, EV 81.2 MPH)
Batting: LHB Mark Reeg 0-0: Ball
1-0: Foul Ball, location: 2F
1-1: Swinging Strike
1-2: Ball
2-2: Ground out 4-3 (Groundball, 4, EV 79.4 MPH)
Bottom of the 5th over - 1 run, 2 hits, 0 errors, 0 left on base; Midland 1 - Arkansas 4
TOP OF THE 6TH
Midland RockHounds batting - Pitching for Arkansas Travelers : RHP Tim Anderson
Batting: LHB Tom Raupp 0-0: Ball
1-0: Called Strike
1-1: Ball
2-1: Called Strike
2-2: Foul Ball, location: 2F
2-2: Foul Ball, location: 2F
2-2: Ball
3-2: Ground out U3 (Groundball, 3, EV 87.5 MPH)
Batting: RHB Jonathan Gallup 0-0: Ball
1-0: Ball
2-0: Foul Ball, location: 2F
2-1: Swinging Strike
2-2: Ground out 6-3 (Groundball, 6, EV 86.2 MPH)
Batting: RHB Matt Sherard 0-0: Ball
1-0: Fly out, F9 (Flyball, 9, EV 88.8 MPH)
Top of the 6th over - 0 runs, 0 hits, 0 errors, 0 left on base; Midland 1 - Arkansas 4
BOTTOM OF THE 6TH
Arkansas Travelers batting - Pitching for Midland RockHounds : LHP Bobby Carroll
Batting: RHB Juan Martinez 0-0: Called Strike
0-1: Ground out 6-3 (Groundball, 6, EV 96.2 MPH)
Batting: LHB Griffin Ferris 0-0: Ball
1-0: Ball
2-0: Ball
3-0: Called Strike
3-1: Swinging Strike
3-2: Foul Ball, location: 2F
3-2: Foul Ball, location: 2F
3-2: Foul Ball, location: 2F
3-2: Ground out 4-3 (Groundball, 4, EV 86.9 MPH)
Batting: RHB Timoleon Tsikouna 0-0: Ball
1-0: Swinging Strike
1-1: Ball
2-1: Ball
3-1: Called Strike
3-2: Foul Ball, location: 2F
3-2: Foul Ball, location: 2F
3-2: Foul Ball, location: 2F
3-2: Foul Ball, location: 2F
3-2: Foul Ball, location: 2F
3-2: Fly out, F8 (Flyball, 78D, EV 95.0 MPH)
Bottom of the 6th over - 0 runs, 0 hits, 0 errors, 0 left on base; Midland 1 - Arkansas 4
TOP OF THE 7TH
Midland RockHounds batting - Pitching for Arkansas Travelers : RHP Tim Anderson
Batting: RHB Micah Roth 0-0: Called Strike
0-1: Called Strike
0-2: Strikes out swinging
Batting: RHB Todd Vanasco 0-0: SOLO HOME RUN (Flyball, 78XD, EV 101.9 MPH), Distance : 429 ft
Batting: RHB Roger Simmons 0-0: Called Strike
0-1: Swinging Strike
0-2: SOLO HOME RUN (Flyball, 9D, EV 95.0 MPH), Distance : 373 ft
Batting: RHB Larry Clark 0-0: Ball
1-0: Foul Ball, location: 2F
1-1: Ground out 6-3 (Groundball, 6, EV 78.1 MPH)
Batting: RHB Tony Crespo 0-0: Ball
1-0: Swinging Strike
1-1: Ball
2-1: Ball
3-1: Called Strike
3-2: Ground out 6-3 (Groundball, 6, EV 105.6 MPH)
Top of the 7th over - 2 runs, 2 hits, 0 errors, 0 left on base; Midland 3 - Arkansas 4
BOTTOM OF THE 7TH
Arkansas Travelers batting - Pitching for Midland RockHounds : LHP Bobby Carroll
Pitching: LHP Rich Byrd
Batting: SHB Mario Padron 0-0: Called Strike
0-1: Fly out, F9 (Flyball, 9, EV 92.5 MPH)
Batting: RHB Kinya Nishimura 0-0: Called Strike
0-1: Foul Ball, location: 2F
0-2: Ground out 6-3 (Groundball, 6M, EV 103.8 MPH)
Batting: RHB Jose Ramirez 0-0: Ball
1-0: Called Strike
1-1: Ball
2-1: Foul Ball, location: 2F
2-2: Fly out, F8 (Flyball, 8RD, EV 96.2 MPH)
Bottom of the 7th over - 0 runs, 0 hits, 0 errors, 0 left on base; Midland 3 - Arkansas 4
TOP OF THE 8TH
Midland RockHounds batting - Pitching for Arkansas Travelers : RHP Tim Anderson
Batting: RHB Travis Robinson 0-0: Swinging Strike
0-1: Ball
1-1: Foul Ball, location: 2F
1-2: Ball
2-2: Ball
3-2: Strikes out swinging
Batting: LHB Tom Raupp 0-0: Fly out, F8 (Flyball, 8LD, EV 85.0 MPH)
Pinch Hitting: SHB D.J. Codd 0-0: Ball
1-0: Ball
2-0: Ball
3-0: Called Strike
3-1: Base on Balls
Pitching: LHP Kyle Worford
Batting: RHB Matt Sherard 0-0: DOUBLE (Line Drive, 78XD, EV 106.2 MPH)
D.J. Codd to third
Runner from 3rd tries for Home, SAFE, no throw by CF
Batting: RHB Micah Roth 0-0: Fly out, F7 (Flyball, 78S, EV 83.8 MPH)
Top of the 8th over - 1 run, 1 hit, 0 errors, 1 left on base; Midland 4 - Arkansas 4
BOTTOM OF THE 8TH
Arkansas Travelers batting - Pitching for Midland RockHounds : LHP Rich Byrd
Now at 1B: David Sharp
Batting: RHB Juan Montez 0-0: Ball
1-0: Ball
2-0: Foul Ball, location: 2F
2-1: Ball
3-1: Foul Ball, location: 2F
3-2: SINGLE (Groundball, 5S, EV 73.8 MPH) (infield hit)
Batting: RHB Ryuji Ito 0-0: Ball
1-0: Foul Ball, location: 2F
1-1: Called Strike
1-2: SINGLE (Groundball, 56D, EV 100.0 MPH)
Juan Montez to second
Batting: LHB Mark Reeg 0-0: Ball
1-0: Foul Ball, location: 2F
1-1: Called Strike
1-2: Ball
2-2: Ball
3-2: 3-RUN HOME RUN (Flyball, 7LD, EV 91.9 MPH), Distance : 342 ft
Pitching: RHP Caleb Hansberger
Batting: RHB Juan Martinez 0-0: Called Strike
0-1: Ball
1-1: Ball
2-1: Ball
3-1: Base on Balls
Batting: LHB Griffin Ferris 0-0: Ball
1-0: Ball
2-0: Called Strike
2-1: Ball
3-1: Called Strike
3-2: Fly out, F9 (Flyball, 9D, EV 95.6 MPH)
Batting: RHB Timoleon Tsikouna 0-0: Ball
1-0: Foul Ball, location: 2F
1-1: Fly out, F9 (Flyball, 9D, EV 100.0 MPH)
Runner from 1st tags up, SAFE at 2nd
Batting: SHB Mario Padron 0-0: Called Strike
0-1: Ball
1-1: Foul Ball, location: 2F
1-2: Ball
2-2: Ball
3-2: Foul Ball, location: 2F
3-2: Foul Ball, location: 2F
3-2: Strikes out swinging
Bottom of the 8th over - 3 runs, 3 hits, 0 errors, 1 left on base; Midland 4 - Arkansas 7
TOP OF THE 9TH
Midland RockHounds batting - Pitching for Arkansas Travelers : LHP Kyle Worford
Batting: RHB Todd Vanasco 0-0: Ball
1-0: Ball
2-0: Called Strike
2-1: Called Strike
2-2: Ground out 5-3 (Groundball, 56, EV 108.1 MPH)
Batting: RHB Roger Simmons 0-0: Ball
1-0: Ground out 4-3 (Groundball, 4, EV 93.8 MPH)
Batting: RHB Larry Clark 0-0: Called Strike
0-1: DOUBLE (Line Drive, 7LS, EV 105.0 MPH)
Pitching: LHP Bryan Payne
Batting: RHB Tony Crespo 0-0: Called Strike
0-1: Swinging Strike
0-2: Strikes out swinging
Top of the 9th over - 0 runs, 1 hit, 0 errors, 1 left on base; Midland 4 - Arkansas 7
Tuesday, March 28th , 2023 - OOTP Baseball 23.10 Build 110